 Dungeon Crawl Stone Soup version 0.31-a0-744-gbc345e7fcb (webtiles) character file.

Game seed: 6660081279474476950

5996 Iich the Fighter (level 10, -1/91 HPs)
             Began as a Minotaur Fighter on Sept 13, 2023.
             Was a Priest of Okawaru.
             Slain by a catoblepas (8 damage)
             ... while petrified by a catoblepas
             ... on level 8 of the Dungeon.
             The game lasted 00:20:20 (10453 turns).

Iich the Fighter (Minotaur Fighter)                Turns: 10453, Time: 00:20:21

Health: -1/91      AC: 21    Str: 19    XL:     10   Next: 55%
Magic:  8/9        EV:  2    Int:  7    God:    Okawaru [***...]
Gold:   499        SH:  0    Dex: 20    Spells: 9/9 levels left

rFire   . . .        a - +0 war axe
rCold   + . .        c - +0 buckler
rNeg    + + +        B - +3 plate armour of Niudasodgh {Str-3 Int+3 Dex+4}
rPois   ∞            (helmet restricted)
rElec   .            (no cloak)
rCorr   .            o - +0 pair of gloves
SInv    .            l - +2 pair of boots {Stlth+}
Will    .....        (no amulet) Stlth
                     e - ring of flight
HPRegen 0.35/turn    (no ring)
MPRegen 0.11/turn

%: no passive effects
@: mighty, petrified, heroic, flying
A: horns 2, retaliatory headbutt, agile 1, cold resistance 1
a: Renounce Religion, Heroism


You were on level 8 of the Dungeon.
You worshipped Okawaru.
Okawaru was most pleased with you.
You visited 2 branches of the dungeon, and saw 10 of its levels.
You also visited: Sewer and Bailey.

You collected 530 gold pieces.
You spent 31 gold pieces at shops.

Inventory:

Hand Weapons
 a - a +0 war axe (weapon)
Missiles
 H - a throwing net (quivered)
Armour
 c - a +0 buckler (worn)
 l - a +2 pair of boots of stealth (worn)
 o - a +0 pair of gloves (worn)
 y - the +2 pair of boots of the Flute {rC+ rN+ Will-}
   (You acquired it on level 6 of the Dungeon)

   rC+:       It protects you from cold.
   rN+:       It protects you from negative energy.
   Will-:     It decreases your willpower.
 B - the +3 plate armour of Niudasodgh (worn) {Str-3 Int+3 Dex+4}
   (You took it off an orc knight in a bailey)

   Str-3:     It affects your strength (-3).
   Int+3:     It affects your intelligence (+3).
   Dex+4:     It affects your dexterity (+4).
 C - a +0 plate armour
Jewellery
 e - a ring of flight (left hand)
 f - an amulet of magic regeneration
 p - a +6 ring of intelligence
Talismans
 v - a granite talisman
Wands
 b - a wand of mindburst (1)
 n - a wand of paralysis (1)
 D - a wand of digging (4)
Scrolls
 g - 2 scrolls of fear
 j - a scroll of vulnerability
 k - 2 scrolls of amnesia
 m - 2 scrolls of fog
 r - a scroll of immolation
 s - a scroll of butterflies
 t - a scroll of teleportation
 u - a scroll of poison
 w - a scroll of enchant weapon
 G - a scroll of revelation
 J - a scroll of noise {unknown}
Potions
 h - 2 potions of lignification
 i - a potion of ambrosia
 q - 2 potions of curing
 x - a potion of attraction
 z - a potion of invisibility
 A - a potion of magic {unknown}
 E - a potion of mutation
 F - 2 potions of brilliance
 I - a potion of cancellation {unknown}


   Skills:
 + Level 9.2(14.2) Fighting
 + Level 8.7(13.7) Axes
 - Level 3.6(8.6) Armour
 + Level 7.3(12.3) Dodging
 + Level 9.0(14.0) Shields
 * Level 6.0 Shapeshifting


You had 9 spell levels left.
You didn't know any spells.
Your spell library contained the following spells:

 Spells                   Type           Power      Damage    Failure   Level
 Magic Dart               Conj           0%         1d3       100%        1
 Sandblast                Erth           0%         2d4       100%        1
 Shock                    Conj/Air       0%         1d3       100%        1
 Slow                     Hex            0%         N/A       100%        1
 Passwall                 Tmut/Erth      0%         N/A       100%        2
 Sublimation of Blood     Necr           0%         N/A       100%        2
 Confusing Touch          Hex            0%         N/A       100%        3
 Mephitic Cloud           Conj/Pois/Air  0%         N/A       100%        3
 Sigil of Binding         Hex            0%         N/A       100%        3
 Stone Arrow              Conj/Erth      0%         3d7       100%        3
 Swiftness                Air            0%         N/A       100%        3
 Vampiric Draining        Necr           0%         2d6       100%        3
 Airstrike                Air            0%         2d(0-16)  100%        4
 Petrify                  Tmut/Erth      0%         N/A       100%        4
 Irradiate                Conj/Tmut      0%         3d11      100%        5
 Call Imp                 Summ           Unusable   N/A       N/A         2

Dungeon Overview and Level Annotations

Branches:
Dungeon (9/15)             Temple (1/1) D:5            Lair (0/5) D:9
  Sewer (visited)          Bailey (visited)
    Orc: D:9-12

Altars:
Ashenzari
Cheibriados
Dithmenos
Elyvilon
Fedhas
Gozag
Hepliaklqana
Kikubaaqudgha
Makhleb
Nemelex Xobeh
Okawaru
Qazlal
Ru
Sif Muna
Trog
Uskayaw
Vehumet
Wu Jian
Xom
Yredelemnul
Zin
The Shining One

Shops:
D:2 [   D:3 *   D:6 (   D:8 *   D:9 (


Innate Abilities, Weirdness & Mutations

You have a pair of horns on your head.
You reflexively headbutt those who attack you in melee.
You are agile. (Dex +4, Str/Int -1)
Your flesh is cold resistant. (rC+)


Message History

You block the catoblepas's attack.
The centaur warrior hits you but does no damage.
The centaur warrior kicks you but does no damage.
You block the catoblepas's attack.
You have turned to stone.
You are engulfed in calcifying dust.
The centaur warrior hits you with a +6 bardiche of protection!
* * * LOW HITPOINT WARNING * * *
The centaur warrior kicks you but does no damage.
The catoblepas gores you!
* * * LOW HITPOINT WARNING * * *
The centaur warrior hits you with a +6 bardiche of protection.
* * * LOW HITPOINT WARNING * * *
The centaur warrior kicks you but does no damage.
The centaur warrior hits you with a +6 bardiche of protection.
* * * LOW HITPOINT WARNING * * *
The centaur warrior kicks you but does no damage.
The catoblepas gores you but does no damage.
The centaur warrior hits you with a +6 bardiche of protection.
* * * LOW HITPOINT WARNING * * *
The centaur warrior kicks you.
* * * LOW HITPOINT WARNING * * *
The catoblepas gores you but does no damage.
The centaur warrior completely misses you.
The centaur warrior kicks you but does no damage.
The centaur warrior hits you with a +6 bardiche of protection!
* * * LOW HITPOINT WARNING * * *
The centaur warrior kicks you but does no damage.
The catoblepas gores you but does no damage.
The centaur warrior hits you but does no damage.
The centaur warrior kicks you but does no damage.
The catoblepas breathes a plume of calcifying dust at you.
The blast of calcifying dust hits you but does no damage.
The centaur warrior hits you with a +6 bardiche of protection!
* * * LOW HITPOINT WARNING * * *
The centaur warrior kicks you but does no damage.
You are engulfed in calcifying dust.
The centaur warrior hits you but does no damage.
The centaur warrior kicks you but does no damage.
The catoblepas gores you!
You die...

#...##........#
#.####.........
###.####.........
#......#.........
#.####.#.........
##.# #.........
#..# #.........
##.## #.......)(
#.@.# #######.#)
#.cY# #.#( #...#
#######.#.
..###..
.........# #..
?.# ######..# ###
########......c#
#........#####..
#........+......
#........######.


You could see a catoblepas and a centaur warrior.

Vanquished Creatures
  Pikel (D:7)
  2 orc knights (Bailey)
  A komodo dragon (D:9)
  A troll (D:9)
  A steam dragon (D:9)
  2 water moccasins (D:7)
  2 black bears
  An ice beast (D:8)
  7 orc warriors
  Pargi (Sewer)
  2 ogres
  3 centaurs
  A lemure (D:7)
  6 kobold brigands
  7 bullfrogs
  2 gnoll sergeants
  2 scorpions
  5 wights (D:9)
  3 howler monkeys
  3 hounds
  4 orc priests
  A jelly (D:4)
  2 sleepcaps
  3 iguanas
  An orc wizard (D:9)
  3 hound zombies (D:4)
  15 gnolls
  7 adders
  2 shadow imps
  3 white imps
  An ufetubus (D:4)
  An adder zombie (D:4)
  2 worms
  2 dart slugs
  39 orcs
  An endoplasm (D:2)
  6 giant cockroaches
  8 goblins
  9 hobgoblins
  2 quokkas
  2 ball pythons
  3 bats
  3 frilled lizards
  36 kobolds
  A quokka zombie (D:4)
  6 rats
216 creatures vanquished.

Vanquished Creatures (others)
  An unseen horror (D:8)
1 creature vanquished.

Grand Total: 217 creatures vanquished

Notes
Turn   | Place    | Note
-------+----------+-------------------------------------------
     0 | D:1      | Iich the Minotaur Fighter began the quest for the Orb.
     0 | D:1      | Reached XP level 1. HP: 19/19 MP: 0/0
   270 | D:1      | Reached XP level 2. HP: 27/27 MP: 1/1
   319 | D:1      | Reached skill level 1 in Dodging
   508 | D:2      | Identified the +2 robe "Satotsaux" {+Blink rN+}
   904 | D:2      | Reached XP level 3. HP: 26/33 MP: 2/2
  1202 | D:2      | Found Zetost's Armour Boutique.
  1479 | D:3      | Reached XP level 4. HP: 35/41 MP: 3/3
  1548 | D:3      | Found Aqoamn's General Store.
  2076 | D:4      | Noticed a scorpion
  2081 | D:4      | Killed a scorpion
  2082 | D:4      | Reached XP level 5. HP: 35/47 MP: 4/4
  2165 | D:4      | Reached skill level 5 in Fighting
  2165 | D:4      | Reached skill level 5 in Shields
  2311 | D:4      | Found a basalt altar of Yredelemnul.
  2316 | D:4      | Reached XP level 6. HP: 54/56 MP: 5/5
  2485 | D:4      | Found a glowing drain.
  2499 | Sewer    | Entered a sewer
  2545 | Sewer    | Noticed Pargi
  2552 | Sewer    | Killed Pargi
  2794 | D:4      | Reached skill level 5 in Axes
  2794 | D:4      | Reached XP level 7. HP: 26/62 MP: 6/6
  3118 | D:4      | Found a stormy altar of Qazlal.
  3166 | D:5      | Entered Level 5 of the Dungeon
  4311 | D:5      | Found a staircase to the Ecumenical Temple.
  4601 | D:6      | Reached skill level 1 in Shapeshifting
  4675 | D:6      | Identified a scroll of acquirement
  4676 | D:6      | Acquired the +2 pair of boots of the Flute {rC+ rN+ Will-}
  4888 | D:6      | Reached XP level 8. HP: 71/71 MP: 7/7
  4888 | D:6      | Found Zochacats's Weapon Emporium.
  4947 | D:6      | Found a bloodstained altar of Trog.
  5439 | D:6      | Reached skill level 5 in Dodging
  5672 | Temple   | Entered the Ecumenical Temple
  5848 | Temple   | Became a worshipper of Warmaster Okawaru
  6124 | D:7      | Gained mutation: Your flesh is cold resistant. (rC+)
                  | [potion of mutation]
  6124 | D:7      | Gained mutation: You are agile. (Dex +4, Str/Int -1)
                  | [potion of mutation]
  6183 | D:7      | Found a flagged portal.
  6192 | Bailey   | Entered a bailey
  6386 | Bailey   | Noticed an orc knight
  6497 | Bailey   | Reached * piety under Okawaru
  6938 | Bailey   | Noticed an orc knight
  6953 | Bailey   | Killed an orc knight
  6954 | Bailey   | Reached XP level 9. HP: 56/79 MP: 6/8
  7054 | Bailey   | Identified the +3 plate armour of Niudasodgh {Str-3 Int+3
                  | Dex+4}
  7093 | Bailey   | Killed an orc knight
  7093 | Bailey   | Reached ** piety under Okawaru
  7790 | D:7      | Noticed Pikel
  7801 | D:7      | Killed Pikel
  7859 | D:7      | Reached skill level 5 in Shapeshifting
  7998 | D:7      | Found a shadowy altar of Dithmenos.
  8002 | D:7      | Found a glowing golden altar of the Shining One.
  8006 | D:7      | Found a broken altar of Ashenzari.
  8188 | D:7      | Reached XP level 10. HP: 82/90 MP: 9/9
  8568 | D:8      | Found a transporter.
  8575 | D:8      | Found a transporter.
  8649 | D:8      | Noticed a centaur warrior
  8649 | D:8      | Noticed a cyclops
  8649 | D:8      | Noticed a catoblepas
  8650 | D:8      | Noticed a centaur warrior
  8651 | D:8      | Noticed a centaur warrior
  9438 | D:9      | Found Niqazeoth's Antique Weapon Shoppe.
  9449 | D:9      | Reached *** piety under Okawaru
 10033 | D:9      | Found a staircase to the Lair.
 10339 | D:8      | Found Toufid's Assorted Antiques.
 10342 | D:8      | Bought a scroll labelled BOUDOOHESTRO for 31 gold pieces
 10453 | D:8      | Slain by a catoblepas

Illustrated notes

Levels and vault maps discovered:
D:1:      amcnicky_arrival_flooded_fountain, layout_rooms, minmay_hedge_maze
D:2:      minmay_skewed_foursquare, layout_basic, serial_shops,
          nicolae_shop_just_a_little_nook
D:3:      layout_loops_ring, serial_shops, shop
D:4:      layout_loops_ring, nicolae_qazlal_eye_of_the_storm,
          nicolae_yredelemnul_corpse_copse, cheibrodos_sewer_entry_bend,
          minivault_26
D:5:      layout_basic, minmay_temple_entry_from_below_a,
          minmay_misc_feat_hallway
D:6:      layout_loops_ring, trog_hazing_becter, serial_shops, kennysheep_mini
D:7:      layout_basic, grunt_temple_overflow_diamond, enter_bailey_8,
          uniq_pikel
D:8:      minmay_blocky_corners, layout_basic, nicolae_take_the_stairs,
          nicolae_diode_stairs
D:9:      layout_roguey, david_lair_shrubbed, serial_shops, shop
Temple:   kb_temple_of_zot

Skill      XL: |  1  2  3  4  5  6  7  8  9 10 |
---------------+-------------------------------+-----
Dodging        | 1 2 3 4 5 6 7 |  7.3
Fighting       | 4 5 6 7 8 9 |  9.2
Shields        | 4 5 6 7 8 9 |  9.0
Axes           | 3 4 5 7 8 |  8.7
Shapeshifting  | 1 3 5 6 |  6.0
Armour         | |  3.6

Action                     |  1- 3 |  4- 6 |  7- 9 | 10-12 || total
---------------------------+-------+-------+-------+-------++-------
  Melee: War axe           |    73 |   100 |   282 |   136 ||   591
         Headbutt          |     9 |    22 |    58 |    25 ||   114
 Invoke: Heroism           |       |       |     2 |     5 ||     7
  Evoke: Wand              |       |       |     8 |       ||     8
    Use: Scroll            |     3 |     3 |    11 |     3 ||    20
         Potion            |     1 |     2 |     6 |     2 ||    11
   Stab: Invisible         |       |       |     1 |       ||     1
         Paralysed         |       |       |    26 |       ||    26
 Armour: Scale mail        |    46 |   101 |    54 |       ||   201
         Plate armour      |       |       |   220 |   179 ||   399
  Dodge: Dodged            |    36 |    60 |   110 |    54 ||   260
  Block: Buckler           |    13 |    31 |   102 |    73 ||   219
         Form:             |       |       |     1 |       ||     1
         Statue            |       |       |     1 |       ||     1

Table legend: (Time is in decaauts)
 A = Elapsed time spent in this place.
 B = Non-inter-level travel time spent in this place.
 C = Inter-level travel time spent in this place.
 D = Time resting spent in this place.
 E = Time spent auto-exploring this place.
 F = Levels seen in this place.
 G = Mean time per level.
                   A        B        C        D        E       F      G
               +--------+--------+--------+--------+--------+-----+--------+
         Total |  10582 |  10299 |    283 |   1758 |   6015 |  12 |  881.8 |
       Dungeon |   8995 |   8712 |    283 |   1385 |   5368 |   9 |  999.4 |
        Temple |    184 |    184 |      0 |      0 |     82 |   1 |  184.0 |
         Sewer |    164 |    164 |      0 |      0 |    117 |   1 |  164.0 |
        Bailey |   1238 |   1238 |      0 |    373 |    448 |   1 | 1238.0 |
               +--------+--------+--------+--------+--------+-----+--------+

Top non-repeatable levels by time:
     D:9: 1582 daAuts
     D:6: 1382 daAuts
     D:4: 1378 daAuts
  Bailey: 1238 daAuts
     D:5: 1064 daAuts
     D:7: 914 daAuts
     D:2: 860 daAuts
     D:3: 722 daAuts
     D:8: 587 daAuts
     D:1: 503 daAuts
  Temple: 184 daAuts
   Sewer: 164 daAuts
